 Dungeon Crawl Stone Soup version 0.30-b1-2-g02819fbbbe (webtiles) character file.

Game seed: 9750385563330467242

74 Alarkh the Insei (level 4, -2/35 HPs)
             Began as a Demonspawn Chaos Knight on May 21, 2023.
             Was a Plaything of Xom.
             Killed by nerve-wracking pain
             ... invoked by a shadow imp
             ... summoned by Xom
              (11 damage)
             ... on level 3 of the Dungeon.
             The game lasted 00:02:53 (1897 turns).

Alarkh the Insei (Demonspawn Chaos Knight)          Turns: 1897, Time: 00:02:54

Health: -2/35      AC:  8    Str: 12    XL:     4   Next: 10%
Magic:  4/4        EV: 10    Int: 14    God:    Xom [*.....]
Gold:   103        SH:  5    Dex: 18    Spells: 3/3 levels left

rFire   . .          .
                       - Unarmed
rCold   + . .        (no shield)
rNeg    . . .        g - +2 ring mail {rF+}
rPois   .            (no helmet)
rElec   .            (no cloak)
rCorr   .            m - +0 pair of gloves
SInv    .            (no boots)
Will    .....        n - amulet of reflection
Stlth   +            p - +6 ring of dexterity
HPRegen 0.25/turn    f - ring of protection from cold
MPRegen 0.09/turn

%: reflection
@: no status effects
A: claws 1, demonic magic 1, dopey 1, screaming 1, heat vulnerability 1
a: Renounce Religion


You were on level 3 of the Dungeon.
You worshipped Xom.
You were a special plaything of Xom.
You visited 1 branch of the dungeon, and saw 3 of its levels.

You collected 103 gold pieces.

Inventory:

Armour
 a - a +2 leather armour
 g - a +2 ring mail of fire resistance (worn)
 m - a +0 pair of gloves (worn)
Magical Staves
 q - a staff of earth
Jewellery
 f - a ring of protection from cold (right hand)
 n - an amulet of reflection (around neck)
 p - a +6 ring of dexterity (left hand)
Scrolls
 e - a scroll of amnesia {unknown}
 i - 2 scrolls of fog {unknown}
 l - 2 scrolls of poison {unknown}
 o - a scroll of teleportation {unknown}
 r - a scroll of identify
Potions
 c - a potion of lignification
 d - a potion of brilliance
 h - a potion of magic
 j - a potion of resistance
 k - 2 potions of heal wounds
Miscellaneous
 b - a piece from Xom's chessboard (15/15) (quivered)


   Skills:
 - Level 3.0 Fighting
 - Level 1.7 Armour
 - Level 0.8 Dodging
 + Level 4.5 Unarmed Combat


You had 3 spell levels left.
You didn't know any spells.
Your spell library contained the following spells:

 Spells                   Type           Power      Damage    Failure   Level
 Tukima's Dance           Hex            0%         N/A       88%         3
 Passage of Golubria      Tloc           0%         N/A       99%         4
 Yara's Violent Unravell  Hex/Tmut       0%         3d3       100%        5


Dungeon Overview and Level Annotations

Branches:
Dungeon (3/15)

Altars:


Innate Abilities, Weirdness & Mutations

You have sharp fingernails.
Spells you cast may paralyse adjacent enemies.
You are dopey. (Int -2)
You occasionally shout uncontrollably at your foes.
You are vulnerable to heat. (rF-)


Message History

The shadow imp gestures at you. Pain shoots through your body!
You hit the iron imp but do no damage.
The iron imp is severely wounded.
The iron imp hits you.
The shadow imp hits you but does no damage.
You closely miss the iron imp.
The iron imp is severely wounded.
The iron imp barely misses you.
The shadow imp hits you but does no damage.
You hit the iron imp.
The iron imp is almost dead.
The shadow imp hits you.
You hit the iron imp but do no damage.
The iron imp is almost dead.
You block the iron imp's attack.
You hit the iron imp but do no damage.
The iron imp is almost dead.
The shadow imp closely misses you. The iron imp hits you.
You barely miss the iron imp.
The iron imp is almost dead.
The shadow imp hits you but does no damage.
The iron imp hits you!
* * * LOW HITPOINT WARNING * * *
You are too injured to fight recklessly!
You are too injured to fight recklessly!
You are too injured to fight recklessly!
You are too injured to fight recklessly!
You are too injured to fight recklessly!
You are too injured to fight recklessly!
You are too injured to fight recklessly!
You are too injured to fight recklessly!
You are too injured to fight recklessly!
You are too injured to fight recklessly!
You are too injured to fight recklessly!
The shadow imp attacks as you move away!
The shadow imp misses you. The shadow imp gestures at you.
Pain shoots through your body!
You die...

......#+#...# .....#.........
............#......#..........
#†##.......##.................
#<#........# !................
#..>#....).##.................
#...#........................
#...##....######.##..........
#.........# #....##."...#
##........###...@.......#
#........†......†5.†...#
#..............5.......#
#.............#+##.....≈~≈≈
#..............# ......~≈≈≈≈≈
#..............###.....~≈≈###
....##..........##....~~≈≈#
... #................~≈≈≈#.
#................~≈≈≈#.


You could see an iron imp (summoned) and a shadow imp (summoned).

Vanquished Creatures
  An adder (D:3)
  4 dart slugs
  6 endoplasms
  A giant cockroach (D:2)
  5 hobgoblins
  3 jackals (D:1)
  2 kobolds
  2 quokkas (D:1)
  6 ball pythons
  4 bats
  6 frilled lizards
  6 goblins
  9 rats
55 creatures vanquished.

Notes
Turn   | Place    | Note
-------+----------+-------------------------------------------
     0 | D:1      | Alarkh the Demonspawn Chaos Knight began the quest for the
                  | Orb.
     0 | D:1      | Reached XP level 1. HP: 18/18 MP: 1/1
    76 | D:1      | Reached skill level 3 in Unarmed Combat
   161 | D:1      | Gained mutation: You have sharp fingernails. [demonic
                  | ancestry]
   161 | D:1      | Reached XP level 2. HP: 14/24 MP: 2/2
   223 | D:1      | XOM: smoke on damage
   524 | D:1      | XOM: smoke on damage
   531 | D:1      | Reached XP level 3. HP: 14/29 MP: 3/3
   585 | D:1      | XOM: divination: detect creatures
   838 | D:2      | Reached skill level 4 in Unarmed Combat
   867 | D:2      | XOM: silly message
  1092 | D:2      | XOM: divination: detect creatures
  1263 | D:2      | XOM is BORED!
  1371 | D:2      | XOM: 4-stop teleportation journey
  1709 | D:2      | XOM: give mutations
  1709 | D:2      | Gained mutation: You are dopey. (Int -2) [Xom's mischief]
  1709 | D:2      | Gained mutation: You are vulnerable to heat. (rF-) [Xom's
                  | mischief]
  1709 | D:2      | Gained mutation: You occasionally shout uncontrollably at
                  | your foes. [Xom's mischief]
  1842 | D:3      | Gained mutation: Spells you cast may paralyse adjacent
                  | enemies. [demonic ancestry]
  1842 | D:3      | Reached XP level 4. HP: 25/35 MP: 4/4
  1882 | D:3      | XOM: summons 2 hostile demons
  1897 | D:3      | Killed from afar by a shadow imp

Illustrated notes

Levels and vault maps discovered:
D:1:      giann_wishing_wells, layout_basic, hangedman_feature_mirror
D:2:      layout_basic, minmay_hedge_maze
D:3:      layout_basic, mainiacjoe_overflow_cross_hatched,
          nicolae_ecumenical_lake_church, uniq_terence

Skill      XL: |  1  2  3 |
---------------+----------+-----
Unarmed Combat | 3 4 |  4.5
Fighting       | |  3.0
Armour         | |  1.7
Dodging        | |  0.8

Action                     |  1- 3 |  4- 6 || total
---------------------------+-------+-------++-------
  Melee: Unarmed           |   200 |    17 ||   217
         Punch             |     4 |     1 ||     5
  Evoke: Piece from Xom's  |     1 |       ||     1
    Use: Potion            |     4 |       ||     4
         Scroll            |     2 |       ||     2
   Stab: Sleeping          |     2 |       ||     2
 Armour: Leather armour    |    39 |       ||    39
         Ring mail         |    25 |     7 ||    32
  Dodge: Dodged            |   102 |     7 ||   109
  Block: Other             |    16 |     4 ||    20
